 Dungeon Crawl Stone Soup version 0.30-a0-639-g3916f1956a (webtiles) character file.

Game seed: 7467549764781143864

123 roflturtle the Ducker (level 5, -2/32 HPs)
             Began as a Tengu Reaver on Jan 17, 2023.
             Succumbed to a water moccasin's poison
             ... in a sewer.
             The game lasted 00:07:03 (1877 turns).

roflturtle the Ducker (Tengu Reaver)                Turns: 1877, Time: 00:07:04

Health: -2/32      AC:  5    Str: 14    XL:     5   Next: 7%
Magic:  6/9        EV: 15    Int: 19    God:
Gold:   127        SH:  0    Dex: 13    Spells: 2/8 levels left

rFire   . . .      SeeInvis .    a - +0 falchion
rCold   . . .      Faith    .    (no shield)
rNeg    . . .      Spirit   .    b - +0 leather armour
rPois   .          Reflect  .    j - +2 hat
rElec   .          Harm     .    (no cloak)
rCorr   .          Rampage  .    (no gloves)
Will    .....                    (boots unavailable)
Stlth   +                        m - amulet of the acrobat
HPRegen 0.25/turn                u - +6 ring of intelligence
MPRegen 0.11/turn                (no ring)

@: lethally poisoned (-2 -> -16), flying quickly and evasively, quick
A: beak, talons 3, nimble flight
a: no special abilities


You were in a sewer.
You visited 1 branch of the dungeon, and saw 3 of its levels.
You also visited: Sewer.

You collected 127 gold pieces.

Inventory:

Hand Weapons
 a - a +0 falchion (weapon)
 d - a +1 dagger of speed
Missiles
 e - a throwing net
Armour
 b - a +0 leather armour (worn)
 j - a +2 hat (worn)
Jewellery
 m - an amulet of the acrobat (around neck)
 u - a +6 ring of intelligence (left hand)
Scrolls
 f - 6 scrolls of identify {unknown}
 g - a scroll of amnesia {unknown}
 k - 4 scrolls of teleportation {unknown}
 o - a scroll of fear {unknown}
 p - a scroll of silence {unknown}
 s - a scroll of immolation {unknown}
 t - 2 scrolls of magic mapping {unknown}
 v - a scroll of enchant armour {unknown}
Potions
 c - 4 potions of lignification {unknown}
 h - a potion of cancellation {unknown}
 i - 2 potions of flight {unknown}
 l - a potion of haste
 n - 2 potions of heal wounds {unknown}
 q - 2 potions of ambrosia {unknown}
 r - a potion of berserk rage {unknown}
 w - a potion of might {unknown}


   Skills:
 - Level 3.0 Fighting
 - Level 4.0 Long Blades
 + Level 4.4 Dodging
 - Level 2.0 Spellcasting
 - Level 4.0 Conjurations


You had 2 spell levels left.
You knew the following spells:

 Your Spells              Type           Power      Damage    Failure   Level
a - Kiss of Death         Conj/Necr      36%        2d8       10%         1
b - Momentum Strike       Conj/Tloc      18%        3d8       14%         2
c - Hailstorm             Conj/Ice       9%         3d4       28%         3

Your spell library contained the following spells:

 Spells                   Type           Power      Damage    Failure   Level


Dungeon Overview and Level Annotations

Branches:
Dungeon (3/15)              Sewer (1/1)

Altars:
Yredelemnul


Innate Abilities, Weirdness & Mutations

You have a beak for a mouth.
You have claws for feet.
Your magical nature lets you fly swiftly and evasively.


Message History

You see here a bat corpse.
Casting: Momentum Strike (safe; 14% risk of failure)
Confirm with . or Enter, or press ? or * to list all spells.
Aiming: Momentum Strike (safe; 14% risk of failure)
Press: ? - help, Dir - move target, f/p - water moccasin
Aim: a water moccasin (48% to hit)
The concentrated momentum hits the water moccasin!
The water moccasin is heavily wounded.
You are unable to move.
You miss the water moccasin.
You claw the water moccasin, but do no damage.
Your peck misses the water moccasin.
The water moccasin is heavily wounded.
The water moccasin bites you.
You are poisoned.
The water moccasin poisons you! The water moccasin bites you.
You are lethally poisoned!
The water moccasin poisons you!
You closely miss the water moccasin. Your kick misses the water moccasin.
Your peck misses the water moccasin.
The water moccasin is heavily wounded.
You feel extremely sick. The water moccasin misses you.
You hit the water moccasin.
You punch the water moccasin, but do no damage.
The water moccasin is heavily wounded.
* * * LOW HITPOINT WARNING * * *
You feel very sick.
The water moccasin bites you but does no damage.
The water moccasin bites you.
* * * LOW HITPOINT WARNING * * *
You hit the water moccasin.
The water moccasin is heavily wounded.
You are no longer robbed of momentum.
* * * LOW HITPOINT WARNING * * *
You feel very sick. The water moccasin barely misses you.
The water moccasin closely misses you.
You barely miss the water moccasin.
The water moccasin is heavily wounded.
You die...

##...## ##.## #.#
#.# #.# #.# . #.#
...
########.####.....
#∩.....@S..!......
#############.....
... .


You could see a water moccasin.

Vanquished Creatures
  A gnoll (D:2)
  3 adders
  3 orcs (D:3)
  4 endoplasms
  11 giant cockroaches
  9 goblins
  A hobgoblin (D:1)
  10 jackals
  3 kobolds
  4 quokkas
  4 ball pythons
  8 bats
  6 frilled lizards
  8 rats
75 creatures vanquished.

Notes
Turn   | Place    | Note
-------+----------+-------------------------------------------
     0 | D:1      | roflturtle the Tengu Reaver began the quest for the Orb.
     0 | D:1      | Reached XP level 1. HP: 12/12 MP: 4/4
   182 | D:1      | Reached XP level 2. HP: 17/17 MP: 6/6
   190 | D:1      | Learned a level 2 spell: Momentum Strike
   408 | D:1      | Reached XP level 3. HP: 20/22 MP: 7/7
   895 | D:2      | Reached XP level 4. HP: 20/28 MP: 8/8
   905 | D:2      | Learned a level 3 spell: Hailstorm
  1446 | D:3      | Found a basalt altar of Yredelemnul.
  1816 | D:3      | Found a glowing drain.
  1821 | D:3      | Gained mutation: Your magical nature lets you fly swiftly
                  | and evasively. [Tengu growth]
  1821 | D:3      | Reached XP level 5. HP: 32/32 MP: 9/9
  1835 | Sewer    | Entered a sewer
  1866 | Sewer    | Noticed a water moccasin
  1877 | Sewer    | Succumbed to a water moccasin's poison

Illustrated notes

Levels and vault maps discovered:
D:1:      dpeg_arrival_arbitrary_b, layout_basic, minmay_tall_x
D:2:      minmay_wonky_spiral, layout_rooms
D:3:      layout_loops_cross, lemuel_doored_altar, mainiacjoe_overflow_alcove_1,
          gup_sewer_entry_pipe, uniq_grinder
Sewer:    sewer_big_baddie

Skill      XL: |  1  2  3  4 |
---------------+-------------+-----
Long Blades    | 4 |  4.0
Fighting       | 3 |  3.0
Dodging        | 3 4 |  4.4
Spellcasting   | |  2.0
Conjurations   | |  4.0

Action                   |  1- 3 |  4- 6 || total
-------------------------+-------+-------++-------
Melee: Falchion          |   112 |    93 ||   205
       Kick              |    24 |    15 ||    39
       Peck              |     8 |    14 ||    22
       Punch             |       |     3 ||     3
 Cast: Momentum Strike   |       |     2 ||     2
 Stab: Sleeping          |       |     1 ||     1
Armor: Leather armour    |    38 |    29 ||    67
Dodge: Dodged            |    56 |    64 ||   120

Table legend: (Time is in decaauts)
 A = Elapsed time spent in this place.
 B = Non-inter-level travel time spent in this place.
 C = Inter-level travel time spent in this place.
 D = Time resting spent in this place.
 E = Time spent auto-exploring this place.
 F = Levels seen in this place.
 G = Mean time per level.
                   A        B        C        D        E       F      G
               +--------+--------+--------+--------+--------+-----+--------+
         Total |   1896 |   1862 |     34 |      0 |   1338 |   4 |  474.0 |
       Dungeon |   1855 |   1821 |     34 |      0 |   1323 |   3 |  618.3 |
         Sewer |     41 |     41 |      0 |      0 |     14 |   1 |   41.0 |
               +--------+--------+--------+--------+--------+-----+--------+

Top non-repeatable levels by time:
     D:1: 830 daAuts
     D:2: 530 daAuts
     D:3: 494 daAuts
   Sewer: 41 daAuts
